[Event "ICC tourney 2086 (3 2)"]
[Site "Internet Chess Club"]
[Date "2020.10.30"]
[Round "8"]
[White "ama2024"]
[Black "blackjack721"]
[Result "1-0"]
[ICCResult "Black checkmated"]
[WhiteElo "1333"]
[BlackElo "1285"]
[Opening "Queen's pawn, Mason variation"]
[ECO "D00"]
[NIC "QP.08"]
[Time "21:45:32"]
[TimeControl "180+2"]

1. d4 d5 2. Bf4 e6 3. e3 Nf6 4. Nf3 c6 5. Bd3 Bd6 6. Bg3 Bc7 7. Nbd2 Bb6 8.
c3 Nbd7 9. Ne5 Nxe5 10. Bxe5 Bd7 11. e4 Bc7 12. exd5 exd5 13. Nf3 Bg4 14. h3
Bh5 15. g4 Bg6 16. Bxg6 hxg6 17. Qe2 Ne4 18. Bxg7 Rh7 19. Be5 Qd7 20. Bxc7
Qxc7 21. Ng5 O-O-O 22. Nxh7 f5 23. O-O-O Qf4+ 24. Kb1 Rh8 25. f3 Ng3 26.
Qe6+ Kb8 27. Rhg1 a5 28. Nf6 Rxh3 29. Nd7+ Ka7 30. gxf5 gxf5 31. Qe7 Rh2 32.
Qc5+ b6 33. Qxb6+ Ka8 34. Qa6# {Black checkmated} 1-0

[Event "ICC tourney 2086 (3 2)"]
[Site "Internet Chess Club"]
[Date "2020.10.30"]
[Round "8"]
[White "chessrex"]
[Black "stephenwilly"]
[Result "1-0"]
[ICCResult "Black checkmated"]
[WhiteElo "1846"]
[BlackElo "1524"]
[Opening "Old Benoni: Franco-Benoni defense"]
[ECO "C01"]
[NIC "QO.17"]
[Time "21:45:40"]
[TimeControl "180+2"]

1. d4 e6 2. e4 c5 3. d5 Nf6 4. Nc3 d6 5. Bb5+ Bd7 6. dxe6 fxe6 7. Bc4 a6 8.
a4 Nc6 9. Nf3 Be7 10. e5 Nxe5 11. Nxe5 dxe5 12. Qe2 O-O 13. O-O Bd6 14. Rd1
Qc7 15. Bg5 e4 16. Bxf6 Bxh2+ 17. Kf1 Rxf6 18. Nxe4 Rf4 19. g3 Rf5 20. Kg2
Bc6 21. Kxh2 Bxe4 22. Bxe6+ Kh8 23. Bxf5 Bxf5 24. Kg2 Qc6+ 25. f3 Re8 26.
Qf2 Bg4 27. Re1 Rf8 28. Re3 Qh6 29. Rh1 Qf6 30. Rh4 h5 31. Kg1 Bxf3 32. Rf4
Rd8 33. Rxf6 Rd1+ 34. Re1 Rxe1+ 35. Qxe1 gxf6 36. Qe8+ Kg7 37. Kf2 Bc6 38.
Qe7+ Kg6 39. b3 b6 40. Qc7 Be4 41. Qxb6 Bxc2 42. Qxc5 Bxb3 43. Qa5 Bc4 44.
Ke3 f5 45. Kf4 Bd3 46. Qb6+ Kg7 47. Kg5 Be2 48. Qc7+ Kg8 49. Kf6 Kf8 50.
Qf7# {Black checkmated} 1-0

[Event "ICC tourney 2086 (3 2)"]
[Site "Internet Chess Club"]
[Date "2020.10.30"]
[Round "8"]
[White "Priccchess"]
[Black "garfield92037"]
[Result "1/2-1/2"]
[ICCResult "Game drawn by repetition"]
[WhiteElo "1473"]
[BlackElo "1502"]
[Opening "Sicilian defense"]
[ECO "B33"]
[NIC "SI.34"]
[Time "21:45:41"]
[TimeControl "180+2"]

1. e4 c5 2. Nf3 Nc6 3. d4 cxd4 4. Nxd4 Nf6 5. Nc3 e6 6. a3 d6 7. Be3 Bd7 8.
Be2 g6 9. O-O Bg7 10. h3 O-O 11. Bf3 Qe7 12. Qd2 Ne5 13. Be2 Rac8 14. f4 Nc4
15. Bxc4 Rxc4 16. Qd3 Rcc8 17. Rad1 Bc6 18. Nxc6 Rxc6 19. Rfe1 Rfc8 20. Bd4
a6 21. e5 dxe5 22. Bxe5 h6 23. Rd2 Kh7 24. Kh1 Nh5 25. Bxg7 Nxg7 26. Qf3 Nf5
27. Qf2 Qf6 28. Rd3 Nd6 29. Rxd6 Rxd6 30. Ne4 Qe7 31. Nxd6 Qxd6 32. c3 Rd8
33. Rf1 Qd2 34. Qb6 Rd7 35. Rf2 Qe1+ 36. Kh2 Qd1 37. Qe3 Qd5 38. Re2 Qc4 39.
Qe4 Qxe4 40. Rxe4 Rd2 41. Rb4 b5 42. Kg3 Kg7 43. Kf3 Kf6 44. g3 Rd3+ 45. Kf2
Rd2+ 46. Ke3 Rg2 47. Kf3 Rd2 48. Ke3 Rg2 49. Kf3 Rd2 50. Ke3
{Game drawn by repetition}
1/2-1/2

[Event "ICC tourney 2086 (3 2)"]
[Site "Internet Chess Club"]
[Date "2020.10.30"]
[Round "8"]
[White "MehPlayer"]
[Black "javasri"]
[Result "1-0"]
[ICCResult "Black resigns"]
[WhiteElo "1541"]
[BlackElo "1646"]
[Opening "Queen's pawn: London system"]
[ECO "A45"]
[NIC "QP.07"]
[Time "21:45:39"]
[TimeControl "180+2"]

1. d4 Nf6 2. Bf4 g6 3. e3 Bg7 4. Nc3 d6 5. h4 Nbd7 6. Be2 c6 7. Nf3 h6 8.
Qd2 a5 9. e4 b5 10. O-O-O a4 11. e5 Nh5 12. exd6 e6 13. Be5 f6 14. Bh2 b4
15. Nb1 Kf7 16. Bc4 Nb6 17. Qd3 Nxc4 18. Qxc4 Ba6 19. Qxc6 Qc8 20. Qc7+ Qxc7
21. dxc7 f5 22. Nbd2 f4 23. Ne4 Bf8 24. Ne5+ Kg7 25. g4 fxg3 26. fxg3 Nf6
27. Nxf6 Kxf6 28. Rhf1+ Kg7 29. Rf7+ Kg8 30. g4 Bd6 31. Rd7 Bf8 32. Nxg6 Rh7
33. Rxh7 Kxh7 34. Nxf8+ Rxf8 35. c3 b3 36. axb3 axb3 37. Re1 Bc4 38. Bd6 Ra8
39. Kd2 Rc8 40. g5 hxg5 41. hxg5 Kg6 42. Re5 Kf7 43. Rc5 Bd5 44. Rb5 Bc4 45.
Rb8 Ba6 46. Rxc8 Bxc8 47. Ke3 Ba6 48. Ke4 Kg6 49. Bf4 Bc4 50. Ke5 Ba6 51. d5
exd5 52. Kxd5 Kf5 53. Be3 Bb7+ 54. Kd6 Bc8 55. c4 Ke4 56. g6 Kxe3 57. g7
{Black resigns}
1-0

[Event "ICC tourney 2086 (3 2)"]
[Site "Internet Chess Club"]
[Date "2020.10.30"]
[Round "8"]
[White "atjn494"]
[Black "Sherlockm7"]
[Result "0-1"]
[ICCResult "White checkmated"]
[WhiteElo "1273"]
[BlackElo "1345"]
[Opening "French: classical, Tarrasch variation"]
[ECO "C14"]
[NIC "FR.06"]
[Time "21:45:32"]
[TimeControl "180+2"]

1. d4 Nf6 2. Bg5 e6 3. e4 Be7 4. Nc3 d5 5. e5 Nfd7 6. Bxe7 Qxe7 7. Bd3 c5 8.
Nf3 Nc6 9. Ne2 O-O 10. c3 f6 11. O-O fxe5 12. dxe5 b6 13. Ng3 Ndxe5 14. Nxe5
Nxe5 15. Bc2 Bb7 16. Qh5 Ng6 17. Bxg6 hxg6 18. Qxg6 Rf6 19. Qg4 Raf8 20.
Rae1 Bc8 21. Nh5 Rh6 22. Qe2 Qh4 23. Qb5 Rxh5 24. h3 Rg5 25. Kh1 e5 26. Qc6
Bxh3 27. Qxd5+ Kh8 28. Re4 Bxg2+ 29. Kg1 Qh1# {White checkmated} 0-1

[Event "ICC tourney 2086 (3 2)"]
[Site "Internet Chess Club"]
[Date "2020.10.30"]
[Round "8"]
[White "Tombstone"]
[Black "chessw23"]
[Result "1-0"]
[ICCResult "Black forfeits on time"]
[WhiteElo "1706"]
[BlackElo "1664"]
[Opening "Catalan: closed, 5.Nf3"]
[ECO "E06"]
[NIC "CA.05"]
[Time "21:45:51"]
[TimeControl "180+2"]

1. d4 d5 2. c4 e6 3. Nf3 Nf6 4. g3 Be7 5. Bg2 O-O 6. O-O dxc4 7. Qc2 a6 8.
a4 Bd7 9. Ne5 Nc6 10. Nxd7 Qxd7 11. e3 b5 12. b3 Nb4 13. Qe2 Rab8 14. bxc4
bxa4 15. Nc3 c5 16. d5 exd5 17. cxd5 Nfxd5 18. Nxd5 Nxd5 19. Qxa6 Nc3 20.
Ra3 Bf6 21. Qc4 Qb5 22. Rxc3 Bxc3 23. Qxc3 c4 24. Ba3 Rfc8 25. Bd6 Rb6 26.
Be5 f6 27. Bd4 Rbb8 28. Be4 Qb3 29. Qa5 Qb5 30. Qa7 c3 31. Rc1 Qc4 32. Qd7
Rd8 33. Qa7 Rdc8 34. Qa5 Rb5 35. Qa7 Qc7 36. Qa6 Qc4 37. Qa7 Qc7 38. Qxa4
{Black forfeits on time}
1-0

[Event "ICC tourney 2086 (3 2)"]
[Site "Internet Chess Club"]
[Date "2020.10.30"]
[Round "8"]
[White "PearsonH"]
[Black "mangomaster"]
[Result "1-0"]
[ICCResult "Black resigns"]
[WhiteElo "1437"]
[BlackElo "1311"]
[Opening "Queen's pawn: London system"]
[ECO "A45"]
[NIC "QP.07"]
[Time "21:45:31"]
[TimeControl "180+2"]

1. d4 Nf6 2. Bf4 g6 3. Nc3 Bg7 4. e4 d5 5. e5 Nh5 6. Be3 e6 7. f3 Bf8 8. g4
Ng7 9. Qd2 Qh4+ 10. Bf2 Qd8 11. Bd3 b6 12. f4 c5 13. Nce2 c4 14. Bxc4 dxc4
15. Nf3 Qd5 16. Neg1 Bb7 17. O-O-O a5 18. h4 Bb4 19. c3 Be7 20. Rh3 a4 21.
a3 Nc6 22. Ne2 Na5 23. Kb1 Nb3 24. Qe3 Qe4+ 25. Qxe4 Bxe4+ 26. Ka2 Bc2 27.
Re1 Bd3 28. Nc1 Bc2 29. Nxb3 axb3+ 30. Ka1 Bxa3 31. bxa3 Rxa3+ 32. Kb2 Ra2+
33. Kc1 Ra1+ 34. Kb2 Rxe1 35. Bxe1 Ke7 36. Nd2 Ra8 37. Nxc4 Ra2+ 38. Kc1
Ra1+ 39. Kd2 Rd1+ 40. Ke2 Rb1 41. Kd2 Ne8 42. Re3 Nc7 43. Bf2 Nd5 44. Re1
Rxe1 45. Bxe1 Nxf4 46. Nxb6 Nd3 47. Nc4 Nxe1 48. Kxe1 h5 49. g5 Kd7 50. Kd2
Kc6 51. Kc1 Kd5 52. Nd2 Bd3 53. Nxb3 Kc4 54. Kd2 Bf5 55. Nc5 Kd5 56. Ke3 Kc4
57. Nd7 Kxc3 58. Nf8 Kc4 59. Nh7 Kd5 60. Nf6+ Kc4 61. Ne8 Kc3 62. Nd6 Kc2
63. Nxf7 Kd1 64. Nd8 Ke1 65. Nc6 Kf1 66. Ne7 Kg2 67. Nxf5 exf5 68. e6 Kg3
69. e7 f4+ 70. Ke4 f3 71. e8=Q f2 72. Qf8 Kg2 73. Qf3+ Kg1 74. Qg3+ Kh1 75.
Qf3+ Kg1 76. Kf4 f1=Q 77. Qxf1+ Kxf1 78. d5 Kg2 79. d6 Kh3 80. d7 Kxh4 81.
d8=Q Kh3 82. Qd3+ Kg2 83. Qg3+ Kf1 84. Qh4 Ke2 85. Ke5 Ke3 86. Kf6 Kf3 87.
Kxg6 {Black resigns} 1-0

[Event "ICC tourney 2086 (3 2)"]
[Site "Internet Chess Club"]
[Date "2020.10.30"]
[Round "8"]
[White "Jett503"]
[Black "msuarez"]
[Result "1-0"]
[ICCResult "Black resigns"]
[WhiteElo "1320"]
[BlackElo "1320"]
[Opening "Scandinavian (center counter) defense"]
[ECO "B01"]
[NIC "VO.17"]
[Time "21:45:41"]
[TimeControl "180+2"]

1. e4 d5 2. exd5 Qxd5 3. d4 Nf6 4. Nc3 Qd8 5. Nf3 e6 6. Bd3 Be7 7. O-O b6 8.
Ne5 Qxd4 9. Nf3 Qg4 10. h3 Qh5 11. Be2 Bb7 12. Ng5 Qg6 13. Bd3 Qh5 14. Qxh5
Nxh5 15. Nge4 O-O 16. g4 Nf6 17. Ng5 h6 18. Nge4 Nbd7 19. f3 Nc5 20. Nxf6+
Bxf6 21. Nb5 Nxd3 22. cxd3 Ba6 23. Nxc7 Bxd3 24. Rd1 Rad8 25. Bf4 Be2 26.
Rxd8 Rxd8 27. Kf2 Bd3 28. Rd1 Bc4 29. Rxd8+ Bxd8 30. b3 Bxc7 31. Bxc7 Bd5
32. Ke3 a6 33. Bxb6 Kf8 34. Bc5+ Ke8 35. f4 Kd7 36. Kd4 Kc6 37. b4 Bg2 38.
h4 Bf3 39. g5 hxg5 40. hxg5 Bd5 41. a3 Kb5 42. Kc3 Ka4 43. Kb2 Be4 44. Bf8
g6 45. Be7 a5 46. bxa5 Kxa5 47. Bb4+ Ka4 48. Bc5 Bd5 49. Bb4 Kb5 50. Kc3 Ka4
51. Kb2 Be4 52. Kc3 Bf3 53. Kb2 Bd1 54. Kc3 Bb3 55. Kb2 Bd5 56. Kc3 Kb5 57.
Kb2 Kc4 58. Be7 Kd4 59. Bf6+ Ke4 60. Be5 Kf5 61. a4 Ke4 62. Kc3 Ke3 63. Kb4
Kd3 64. a5 Bc4 65. Kc5 Ba6 66. Kb6 Bc4 67. a6 Bd5 68. a7 Kc4 69. Kc7 Kb5 70.
Kb8 {Black resigns} 1-0

[Event "ICC tourney 2086 (3 2)"]
[Site "Internet Chess Club"]
[Date "2020.10.30"]
[Round "9"]
[White "Jeffchess"]
[Black "oxdidi"]
[Result "1-0"]
[ICCResult "Black resigns"]
[WhiteElo "1369"]
[BlackElo "1096"]
[Opening "Giuoco Piano: four knights variation"]
[ECO "C50"]
[NIC "IG.02"]
[Time "21:58:50"]
[TimeControl "180+2"]

1. e4 e5 2. Nf3 Nc6 3. Bc4 Bc5 4. Nc3 Nf6 5. a3 d6 6. b4 Bb6 7. d3 h6 8. Be3
Bg4 9. Bxb6 axb6 10. h3 Bh5 11. g4 Bg6 12. Nd5 Nxd5 13. Bxd5 O-O 14. h4 Bh7
15. g5 h5 16. Rg1 Qd7 17. g6 Bxg6 18. Rxg6 Kh7 19. Rg5 Qh3 20. Qe2 Qh1+ 21.
Rg1 Qh3 22. Ng5+ Kh8 23. Nxh3 Ne7 24. Qxh5+ Kg8 25. Ng5 {Black resigns} 1-0

[Event "ICC tourney 2086 (3 2)"]
[Site "Internet Chess Club"]
[Date "2020.10.30"]
[Round "9"]
[White "jthebest"]
[Black "atjn494"]
[Result "0-1"]
[ICCResult "White resigns"]
[WhiteElo "1161"]
[BlackElo "1296"]
[Opening "Robatsch (modern) defense"]
[ECO "B06"]
[NIC "KF.06"]
[Time "21:58:22"]
[TimeControl "180+2"]

1. e4 g6 2. Nf3 Bg7 3. Bc4 d6 4. Ng5 e6 5. Qf3 Qxg5 6. d3 Qf6 7. Qe3 Ne7 8.
O-O O-O 9. d4 Qxd4 10. Bd3 Qxe4 11. Bxe4 Nbc6 12. Nc3 d5 13. Bd3 d4 14. Qh3
dxc3 15. bxc3 Bxc3 16. Rb1 b6 17. Bg5 e5 18. Bf6 Bxh3 19. gxh3 Nd5 20. Bc4
Nxf6 21. Rfd1 Rfd8 22. Rxd8+ Rxd8 23. Rf1 Rd2 24. Kg2 Rxc2 25. Rd1 Bd4
{White resigns}
0-1

[Event "ICC tourney 2086 (3 2)"]
[Site "Internet Chess Club"]
[Date "2020.10.30"]
[Round "9"]
[White "Purushottam123"]
[Black "ama2024"]
[Result "0-1"]
[ICCResult "White resigns"]
[WhiteElo "1385"]
[BlackElo "1369"]
[Opening "French: Two knights variation"]
[ECO "C00"]
[NIC "FR.01"]
[Time "21:58:25"]
[TimeControl "180+2"]

1. e4 e6 2. Nf3 d5 3. Nc3 Nf6 4. e5 Nfd7 5. d4 c5 6. dxc5 Bxc5 7. Bf4 Nc6 8.
Qe2 Qb6 9. Na4 Qb4+ 10. c3 Qxa4 11. b3 Qxf4 12. Qd3 Ndxe5 13. Nxe5 Qxf2+ 14.
Kd1 Nxe5 15. Qh3 Be3 {White resigns} 0-1

[Event "ICC tourney 2086 (3 2)"]
[Site "Internet Chess Club"]
[Date "2020.10.30"]
[Round "9"]
[White "blackjack721"]
[Black "yogokings12"]
[Result "0-1"]
[ICCResult "White checkmated"]
[WhiteElo "1279"]
[BlackElo "1540"]
[Opening "Sicilian, Chekhover variation"]
[ECO "B53"]
[NIC "SI.02"]
[Time "21:58:23"]
[TimeControl "180+2"]

1. e4 c5 2. Nf3 d6 3. d4 cxd4 4. Qxd4 Bd7 5. c3 Nc6 6. Qd3 Nf6 7. Bf4 g6 8.
Nbd2 Bg7 9. Be2 Nh5 10. Be3 Nf6 11. Nd4 Ne5 12. Qc2 Neg4 13. Bf4 e5 14. Bxg4
Nxg4 15. Be3 Nxe3 16. fxe3 exd4 17. cxd4 O-O 18. O-O Rc8 19. Qb3 Qb6 20. Qd1
Bc6 21. Qg4 Bb5 22. Rf2 Qc7 23. a4 Bd7 24. Qf3 Bc6 25. d5 Bd7 26. Raf1 f5
27. exf5 Rxf5 28. Qg3 Rcf8 29. Nf3 Bxa4 30. e4 R5f7 31. Ng5 Rxf2 32. Rxf2
Rxf2 33. Qxf2 Qc1+ 34. Qf1 Bd4+ 35. Kh1 Qxf1# {White checkmated} 0-1

[Event "ICC tourney 2086 (3 2)"]
[Site "Internet Chess Club"]
[Date "2020.10.30"]
[Round "9"]
[White "javasri"]
[Black "PearsonH"]
[Result "1-0"]
[ICCResult "Black resigns"]
[WhiteElo "1653"]
[BlackElo "1430"]
[Opening "French: exchange, Svenonius variation"]
[ECO "C01"]
[NIC "FR.01"]
[Time "21:58:31"]
[TimeControl "180+2"]

1. e4 e6 2. d4 d5 3. exd5 exd5 4. Nc3 Nf6 5. Bg5 c6 6. Qd2 Bd6 7. O-O-O O-O
8. f3 b5 9. h4 a5 10. Bd3 a4 11. g4 b4 12. Nce2 Qb6 13. Bxf6 gxf6 14. Ng3 b3
15. Qh6 Bf4+ 16. Qxf4 bxa2 17. Kd2 Qxb2 18. Qh6 Qb4+ 19. Ke2 Re8+ 20. Kf2
Qxd4+ 21. Kg2 Qe3 22. f4 f5 23. Nh5 {Black resigns} 1-0

[Event "ICC tourney 2086 (3 2)"]
[Site "Internet Chess Club"]
[Date "2020.10.30"]
[Round "9"]
[White "ChessItUpIowa"]
[Black "Ani97829"]
[Result "1-0"]
[ICCResult "Black forfeits on time"]
[WhiteElo "1563"]
[BlackElo "1412"]
[Opening "Trompowsky attack (Ruth, Opocenský opening)"]
[ECO "A45"]
[NIC "QP.07"]
[Time "21:58:25"]
[TimeControl "180+2"]

1. d4 Nf6 2. Bg5 e6 3. Bxf6 Qxf6 4. e3 d5 5. Nf3 c5 6. c3 Nc6 7. Nbd2 Bd7 8.
Bd3 Bd6 9. e4 dxe4 10. Nxe4 Qe7 11. dxc5 Bxc5 12. Nxc5 Qxc5 13. O-O O-O 14.
Qc2 h6 15. Qb3 Na5 16. Qc2 Nc6 17. Rad1 Rac8 18. Bh7+ Kh8 19. Rxd7 Rcd8 20.
Rxb7 a6 21. Be4 Na5 22. Rb4 {Black forfeits on time} 1-0

[Event "ICC tourney 2086 (3 2)"]
[Site "Internet Chess Club"]
[Date "2020.10.30"]
[Round "9"]
[White "Priccchess"]
[Black "lucachesschess"]
[Result "1-0"]
[ICCResult "Black checkmated"]
[WhiteElo "1487"]
[BlackElo "1423"]
[Opening "Sicilian defense"]
[ECO "B34"]
[NIC "SI.34"]
[Time "21:58:23"]
[TimeControl "180+2"]

1. e4 c5 2. Nf3 Nc6 3. d4 cxd4 4. Nxd4 Nf6 5. Nc3 g6 6. Be3 Bg7 7. Nxc6 bxc6
8. e5 Ng8 9. Bd4 d6 10. exd6 Bxd4 11. Qxd4 Nf6 12. O-O-O O-O 13. dxe7 Qxe7
14. Bc4 Be6 15. Bxe6 fxe6 16. f3 Rad8 17. Qc4 Nd5 18. Kb1 Rb8 19. Rhe1 Qa3
20. b3 a5 21. Qxc6 Nxc3+ 22. Qxc3 Rfc8 23. Qe5 a4 24. Rd7 Qf8 25. Qxe6+ Kh8
26. Qe7 Qxe7 27. Rexe7 axb3 28. Rxh7+ Kg8 29. axb3 Rd8 30. Rdg7+ Kf8 31.
Rxg6 Rd1+ 32. Kb2 Rdd8 33. Rh8+ Kf7 34. Rxd8 Rxd8 35. Rg4 Kf6 36. b4 Kf5 37.
c4 Ke5 38. Kc3 Re8 39. Re4+ Kf5 40. Rxe8 Kf6 41. c5 Kf7 42. Re4 Kf6 43. c6
Kf7 44. c7 Kf6 45. c8=Q Kf7 46. Qe8+ Kf6 47. Qf8+ Kg6 48. Rg4+ Kh7 49. Qg7#
{Black checkmated}
1-0

[Event "ICC tourney 2086 (3 2)"]
[Site "Internet Chess Club"]
[Date "2020.10.30"]
[Round "9"]
[White "msuarez"]
[Black "Kinawa"]
[Result "1/2-1/2"]
[ICCResult "Game drawn because neither player has mating material"]
[WhiteElo "1328"]
[BlackElo "1463"]
[Opening "Caro-Kann: closed (Breyer) variation"]
[ECO "B10"]
[NIC "CK.01"]
[Time "21:58:25"]
[TimeControl "180+2"]

1. e4 c6 2. d3 d5 3. exd5 cxd5 4. Nf3 Nc6 5. Be2 e5 6. O-O Nf6 7. Bg5 Bd6 8.
Nc3 Be6 9. Re1 O-O 10. Qd2 a6 11. Bf1 d4 12. Ne4 Be7 13. Bxf6 Bxf6 14. Nc5
Bd5 15. Ne4 Bxe4 16. Rxe4 Rc8 17. Rae1 Re8 18. c3 dxc3 19. bxc3 h6 20. d4
Qd7 21. Bd3 exd4 22. Rxe8+ Rxe8 23. Rxe8+ Qxe8 24. cxd4 Nxd4 25. Nxd4 Bxd4
26. g3 Bf6 27. Kf1 Qc6 28. Kg1 Bg5 29. Qd1 Qc1 30. Qxc1 Bxc1 31. Be4 b5 32.
Bb7 a5 33. Bc6 b4 34. Kf1 Kf8 35. Ke2 Ke7 36. Ba4 Kd6 37. Kd3 Kc5 38. h3 Bb2
39. f3 Be5 40. f4 Bd6 41. Ke4 g5 42. fxg5 hxg5 43. g4 f6 44. Kf5 Be5 45. Kg6
Kc4 46. Kh5 Kc3 47. h4 gxh4 48. Kxh4 Kb2 49. Bb3 Ka3 50. Be6 a4 51. g5 fxg5+
52. Kxg5 b3 53. axb3 axb3 54. Bxb3
{Game drawn because neither player has mating material}
1/2-1/2

[Event "ICC tourney 2086 (3 2)"]
[Site "Internet Chess Club"]
[Date "2020.10.30"]
[Round "9"]
[White "Sherlockm7"]
[Black "MehPlayer"]
[Result "0-1"]
[ICCResult "White forfeits on time"]
[WhiteElo "1329"]
[BlackElo "1547"]
[Opening "Nimzo-Indian: classical, 4...c5"]
[ECO "E38"]
[NIC "NI.22"]
[Time "21:59:01"]
[TimeControl "180+2"]

1. d4 Nf6 2. c4 e6 3. Nc3 Bb4 4. Qc2 c5 5. a3 Ba5 6. Nf3 cxd4 7. Nxd4 Nc6 8.
Nf3 d5 9. e3 O-O 10. b4 Bc7 11. Bb2 Qe7 12. Be2 a5 13. bxa5 Bxa5 14. O-O
Bxc3 15. Bxc3 e5 16. Rfd1 e4 17. Nd4 Nxd4 18. Rxd4 Be6 19. Bb4 Qc7 20. Bxf8
Rxf8 21. Qc1 Qe5 22. cxd5 Nxd5 23. Bc4 Rc8 24. Qb2 b6 25. Bxd5 Bxd5 26. Qd2
Bc6 27. Rd1 h6 28. Rd8+ Rxd8 29. Qxd8+ Kh7 30. Qxb6 Qc3 {White forfeits on
time} 0-1

[Event "ICC tourney 2086 (3 2)"]
[Site "Internet Chess Club"]
[Date "2020.10.30"]
[Round "9"]
[White "saisiva765"]
[Black "garfield92037"]
[Result "1-0"]
[ICCResult "Black checkmated"]
[WhiteElo "1767"]
[BlackElo "1496"]
[Opening "Queen's pawn: London system"]
[ECO "A45"]
[NIC "QP.07"]
[Time "21:59:17"]
[TimeControl "180+2"]

1. d4 Nf6 2. Bf4 g6 3. Nc3 Bg7 4. e4 d6 5. Qd2 O-O 6. O-O-O Nbd7 7. f3 c5 8.
d5 a6 9. Bh6 b5 10. Kb1 b4 11. Nce2 a5 12. Bxg7 Kxg7 13. Nc1 a4 14. h4 Ne5
15. Nh3 Qb6 16. h5 Nxh5 17. Nf4 Nxf4 18. Qxf4 h5 19. g4 Rh8 20. gxh5 Bd7 21.
Bh3 Bxh3 22. Rxh3 Rh7 23. Qg5 f6 24. Qg3 Rah8 25. f4 Nf7 26. Qxg6+ Kf8 27.
Rg1 Nh6 28. e5 Rg8 29. Qxh7 Rxg1 30. Qxh6+ Ke8 31. exf6 c4 32. f5 b3 33.
axb3 cxb3 34. cxb3 axb3 35. Qe3 Rxc1+ 36. Qxc1 Qa6 37. Qc6+ Qxc6 38. dxc6
exf6 39. h6 Kf8 40. h7 Kf7 41. h8=Q d5 42. Rh7# {Black checkmated} 1-0

[Event "ICC tourney 2086 (3 2)"]
[Site "Internet Chess Club"]
[Date "2020.10.30"]
[Round "9"]
[White "chessw23"]
[Black "Jett503"]
[Result "1-0"]
[ICCResult "Black resigns"]
[WhiteElo "1668"]
[BlackElo "1317"]
[Opening "French: advance variation"]
[ECO "C02"]
[NIC "FR.03"]
[Time "21:58:32"]
[TimeControl "180+2"]

1. e4 e6 2. d4 d5 3. e5 c5 4. c3 cxd4 5. cxd4 Nc6 6. Nf3 Bb4+ 7. Bd2 Bxd2+
8. Qxd2 Nge7 9. Nc3 a6 10. Bd3 Nf5 11. Bxf5 exf5 12. Rc1 O-O 13. O-O b5 14.
a3 Na5 15. Qe2 Nc4 16. Rc2 Be6 17. Nd2 Qb6 18. Nxc4 dxc4 19. d5 Bd7 20. Rd2
Rfe8 21. Re1 Rad8 22. Qf3 Qg6 23. h3 Qh6 24. Rde2 f4 25. Re4 g5 26. Qe2 Bf5
27. Rd4 Bd3 28. Rxd3 cxd3 29. Qxd3 Qg7 30. Qd4 Qg6 31. Ne4 Re7 32. Nf6+ Kf8
33. Qc5 Re8 34. d6 Rxe5 35. Rxe5 Rxe5 36. Qxe5 Qb1+ 37. Kh2 Qd1 38. d7 Kg7
39. Ng4+ Kf8 40. Qe8+ Kg7 41. d8=Q Qxg4 42. hxg4 {Black resigns} 1-0

[Event "ICC tourney 2086 (3 2)"]
[Site "Internet Chess Club"]
[Date "2020.10.30"]
[Round "9"]
[White "chessrex"]
[Black "drberkley"]
[Result "1/2-1/2"]
[ICCResult "Game drawn by mutual agreement"]
[WhiteElo "1834"]
[BlackElo "1543"]
[Opening "Paleface attack"]
[ECO "A45"]
[NIC "QP.07"]
[Time "21:59:17"]
[TimeControl "180+2"]

1. d4 Nf6 2. f3 g6 3. e4 d6 4. Be3 Bg7 5. Qd2 a6 6. Bh6 O-O 7. Nc3 b5 8.
Bxg7 Kxg7 9. g4 Nbd7 10. h4 h5 11. g5 Ne8 12. f4 Nb6 13. Bh3 Bxh3 14. Nxh3
Qd7 15. Nf2 d5 16. b3 e6 17. O-O Nd6 18. Rae1 b4 19. Ncd1 dxe4 20. Nxe4 Nxe4
21. Rxe4 Nd5 22. c4 bxc3 23. Nxc3 Rfd8 24. Rd1 Nb4 25. a3 Nc6 26. Qg2 Rab8
27. d5 exd5 28. Rxd5 Qg4 29. Qxg4 hxg4 30. b4 Rxd5 31. Nxd5 Rd8 32. Nf6 Rd1+
33. Kg2 Rd3 34. Re8 Ne7 35. Rxe7 Kf8 36. Rxc7 Rxa3 37. f5 gxf5 38. h5 f4 39.
Nxg4 Rg3+ 40. Kf2 Rxg4 41. Rc5 Kg7 42. Kf3 Rh4 43. h6+ Kg6 44. b5 axb5 45.
Rxb5 Rh5 46. Kxf4 Rh4+ 47. Kg3 Rh1 48. Kg4 Rg1+ 49. Kf4 Rf1+ 50. Ke4 Re1+
51. Kd4 Rd1+ 52. Kc4 Rc1+ 53. Kd4 Rd1+ 54. Kc3 Rg1 55. Rd5 f6 56. h7 Kxh7
57. gxf6 Rf1 58. Rd7+ Kg6 59. Rd8 Rxf6 60. Rg8+ Kf7 61. Rg2 Rc6+ 62. Kd4
Rd6+ {Game drawn by mutual agreement} 1/2-1/2

[Event "ICC tourney 2086 (3 2)"]
[Site "Internet Chess Club"]
[Date "2020.10.30"]
[Round "9"]
[White "stephenwilly"]
[Black "Tombstone"]
[Result "0-1"]
[ICCResult "White checkmated"]
[WhiteElo "1516"]
[BlackElo "1714"]
[Opening "Sicilian: Alapin's variation (2.c3)"]
[ECO "B22"]
[NIC "SI.47"]
[Time "21:58:23"]
[TimeControl "180+2"]

1. e4 c5 2. c3 Nf6 3. e5 Nd5 4. d4 cxd4 5. cxd4 Nc6 6. Nf3 d6 7. exd6 Qxd6
8. Nc3 g6 9. Bc4 Nb6 10. Bb5 a6 11. Bd3 Bg7 12. Be3 O-O 13. Ne4 Qd8 14. h4
Bg4 15. h5 gxh5 16. Ng3 Nxd4 17. Bxd4 Bxf3 18. Qxf3 Qxd4 19. Bxh7+ Kh8 20.
Qxh5 Qe5+ 21. Qxe5 Bxe5 22. Be4+ Kg8 23. Nf5 e6 24. Nh6+ Kg7 25. Ng4 Rh8 26.
O-O-O Bf4+ 27. Ne3 Nc4 28. Kb1 Nxe3 29. fxe3 Bxe3 30. Bxb7 Ra7 31. Be4 Rc7
32. Rhf1 f5 33. Rf3 Bg5 34. Bc2 Rhc8 35. Rg3 Kf6 36. Rc3 Rxc3 37. bxc3 Rxc3
38. Rd6 a5 39. Bb3 Re3 40. Ra6 Re1+ 41. Kb2 Bd2 42. Kc2 Bb4 43. a3 Bxa3 44.
Rxa5 Bb4 45. Ra6 Re2+ 46. Kd3 Rxg2 47. Rxe6+ Kg5 48. Re8 Rd2+ 49. Ke3 Rb2
50. Bd5 Rb1 51. Rg8+ Kf6 52. Kd4 Rd1+ 53. Kc4 Bd6 54. Rh8 Rc1+ 55. Kb5 Rc5+
56. Kb6 Rxd5 57. Kc6 Rd1 58. Rh6+ Ke5 59. Rh5 Ke4 60. Rh4+ f4 61. Rh6 f3 62.
Re6+ Kf5 63. Re3 Kf4 64. Re6 Be5 65. Re8 Rd6+ 66. Kc5 Rf6 67. Kd5 f2 68.
Rxe5 f1=Q 69. Re4+ Kf3 70. Re5 Qd3+ 71. Kc5 Qc3+ 72. Kd5 Ra6 73. Rf5+ Kg4
74. Rf4+ Kg5 75. Rf5+ Kg6 76. Re5 Ra5+ 77. Kd6 Qxe5+ 78. Kd7 Ra7+ 79. Kc6
Ra6+ 80. Kb7 Qf6 81. Kc7 Ra7+ 82. Kb8 Qf7 83. Kc8 Qf8# {White checkmated}
0-1

[Event "ICC tourney 2086 (3 2)"]
[Site "Internet Chess Club"]
[Date "2020.10.30"]
[Round "10"]
[White "Jett503"]
[Black "stephenwilly"]
[Result "0-1"]
[ICCResult "White resigns"]
[WhiteElo "1309"]
[BlackElo "1524"]
[Opening "Sicilian: Smith-Morra gambit"]
[ECO "B21"]
[NIC "SI.48"]
[Time "22:11:30"]
[TimeControl "180+2"]

1. e4 c5 2. d4 cxd4 3. Qxd4 Nc6 4. Qd1 e5 5. Nc3 Bc5 6. Bc4 Nf6 7. Nf3 d6 8.
h3 h6 9. O-O O-O 10. a3 Bd7 11. b4 Bb6 12. Bb2 Qc8 13. Be2 Nd4 14. Bd3 Bxh3
15. gxh3 Qxh3 16. Nh2 Ne6 17. Qf3 Qh4 18. Qg3 Qxg3+ {White resigns} 0-1

[Event "ICC tourney 2086 (3 2)"]
[Site "Internet Chess Club"]
[Date "2020.10.30"]
[Round "10"]
[White "yogokings12"]
[Black "msuarez"]
[Result "1-0"]
[ICCResult "Black resigns"]
[WhiteElo "1546"]
[BlackElo "1318"]
[Opening "Scandinavian (center counter) defense"]
[ECO "B01"]
[NIC "SD.02"]
[Time "22:12:22"]
[TimeControl "180+2"]

1. e4 d5 2. exd5 Qxd5 3. Nc3 Qd8 4. d4 Nf6 5. Bc4 e6 6. Nf3 Be7 7. O-O O-O
8. Bf4 b6 9. d5 exd5 10. Nxd5 Bb7 11. Nxc7 Qxd1 12. Raxd1 Bxf3 13. gxf3 Nc6
14. Nxa8 Rxa8 15. Bd5 Nxd5 16. Rxd5 Rc8 17. c3 g6 18. Rd7 Bf6 19. Rfd1 Be5
20. Bxe5 Nxe5 21. Rd8+ Rxd8 22. Rxd8+ Kg7 23. Ra8 Nxf3+ 24. Kg2 Nd2 25. Rxa7
Nc4 26. b3 Ne5 27. Rb7 Nd3 28. Rxb6 Nc1 29. a4 Na2 30. c4 Nc3 31. a5 Ne4 32.
a6 Nc5 33. a7 {Black resigns} 1-0